 Dungeon Crawl Stone Soup version 0.30-a0-1066-g63dfefce0d (webtiles) character file.

Game seed: 8203675492180399605

1628 PailKail the Chopper (level 8, -2/70 HPs)
             Began as a Black Draconian Berserker on Mar 30, 2023.
             Was a Priest of Trog.
             Slain by an orc warrior
             ... wielding a +0 mace
              (10 damage)
             ... on level 7 of the Dungeon on Apr 12, 2023.
             The game lasted 00:21:07 (6393 turns).

PailKail the Chopper (Black Draconian Berserker)    Turns: 6393, Time: 00:21:08

Health: -2/70      AC:  8    Str: 25    XL:     8   Next: 65%
Magic:  8/8        EV: 13    Int:  7    God:    Trog [***...]
Gold:   360        SH:  5    Dex: 10    Spells: 7/7 levels left

rFire   . . .      SeeInvis .    n - +1 war axe
rCold   . . .      Faith    .    (no shield)
rNeg    . . .      Spirit   .    (body armour unavailable)
rPois   .          Reflect  +    (helmet restricted)
rElec   +          Rampage  .    (no cloak)
rCorr   .                        b - +1 pair of gloves
Will    .....                    (no boots)
Stlth   ++                       h - amulet of reflection
HPRegen 0.31/turn                (no ring)
MPRegen 0.11/turn                (no ring)

@: short of breath, on berserk cooldown, unable to drink
A: breathe lightning, AC +6, unfitting armour, electricity resistance,
cold-blooded, screaming 1, strong 1, inability to drink after injury 1
a: Breathe Lightning, Renounce Religion, Berserk, Trog's Hand


You were on level 7 of the Dungeon.
You worshipped Trog.
Trog was most pleased with you.
You visited 1 branch of the dungeon, and saw 7 of its levels.

You collected 360 gold pieces.

Inventory:

Hand Weapons
 n - a +1 war axe (weapon)
Armour
 b - a +1 pair of gloves (worn)
Jewellery
 h - an amulet of reflection (around neck)
Scrolls
 d - a scroll of magic mapping
 l - 2 scrolls of identify
 m - a scroll of blinking
Potions
 c - 2 potions of heal wounds
 g - 2 potions of curing


   Skills:
 + Level 6.2 Fighting
 + Level 7.9 Axes
 + Level 5.5 Dodging
 + Level 1.9 Stealth
 + Level 3.0 Shields


You had 7 spell levels left.
You didn't know any spells.
Your spell library was empty.

Dungeon Overview and Level Annotations

Branches:
Dungeon (7/15)             Temple (0/1) D:5

Altars:
Elyvilon
Ru
Trog


Innate Abilities, Weirdness & Mutations

You can breathe wild blasts of lightning.
Your glossy black scales are hard. (AC +6)
You cannot fit into any form of body armour.
You are resistant to electric shocks. (rElec)
You are cold-blooded and may be slowed by cold attacks.
You occasionally shout uncontrollably at your foes.
Your muscles are strong. (Str +4, Int/Dex -1)
You occasionally lose the ability to drink potions when taking damage.


Message History

You feel yourself slow down.
You see here a potion of degeneration.
You have got your breath back.
An orc comes into view. It is wielding a +0 morningstar.
l - 2 scrolls of identify (gained 1)
An orc warrior comes into view. It is wielding a +0 mace.
An orc priest comes into view. It is wielding a +0 hand axe.
You breathe a wild blast of lightning!
You hear a shout! x2; The orc priest shouts!
You hear a shout!
The orc priest looks satisfied for a moment.
You feel yourself speed up.
The orc warrior shouts!
The orc priest miscasts a cantrip.
The orc warrior closely misses you.
You closely miss the orc priest.
Your tail-slap misses the orc priest.
You hit the orc warrior. The orc priest closely misses you.
The orc warrior closely misses you.
You closely miss the orc priest. You slash the orc warrior!
The orc priest misses you. You block the orc warrior's attack.
You fail to use your ability.
You block the orc priest's attack.
The orc warrior hits you with a +0 mace.
You hit the orc warrior.
Your tail-slap misses the orc warrior.
The orc warrior is heavily wounded.
You barely miss the orc priest.
The orc priest calls down the wrath of Beogh upon you.
Beogh smites you!
You feel threatened and lose the ability to drink potions!
The orc warrior hits you with a +0 mace.
The orc priest hits you but does no damage.
The orc warrior hits you with a +0 mace!
* * * LOW HITPOINT WARNING * * *
Your black bear goes berserk!
You can no longer call in reinforcements.
You can drink potions again.
The orc priest calls down the wrath of Beogh upon you.
Beogh smites you!
You feel threatened and lose the ability to drink potions!
* * * LOW HITPOINT WARNING * * *
The orc warrior hits you with a +0 mace!
You die...

#..#... #....##
#...#.# #.....##
#.....#####......#
#...#.#)..#......#
#..#...#..#.....##
#.#.....#.#..####
#.......##....#
####.....#....#
#......!@o.†..#
#.#....#.oo........#
#..#...#...h........#
#...#......##.#....##
............######.##
.#.##.......## ## ##
##...#..# ##.##..#


You could see an orc warrior, an orc priest, an orc (ally target) and a friendly
black bear (summoned, berserk).

Vanquished Creatures
  Sigmund (D:3)
  A water moccasin (D:4)
  An ice beast (D:7)
  A black bear (D:7)
  A centaur (D:6)
  A bullfrog (D:6)
  A scorpion (D:5)
  A howler monkey (D:5)
  3 orc priests
  5 hounds
  3 iguanas
  3 jellies
  A gnoll bouda (D:4)
  5 orc wizards
  Ijyb (D:5)
  12 gnolls
  8 adders
  A shadow imp (D:6)
  3 white imps
  2 ufetubi
  A worm (D:3)
  2 dart slugs
  18 orcs
  5 ball pythons
  3 bats
  6 endoplasms
  6 giant cockroaches
  8 hobgoblins
  12 jackals
  5 kobolds
  10 quokkas
  5 frilled lizards
  6 goblins
  7 rats
149 creatures vanquished.

Vanquished Creatures (others)
  3 fungi (D:5)
  12 plants
15 creatures vanquished.

Grand Total: 164 creatures vanquished

Notes
Turn   | Place    | Note
-------+----------+-------------------------------------------
     0 | D:1      | PailKail the Draconian Berserker began the quest for the
                  | Orb.
     0 | D:1      | Reached XP level 1. HP: 19/19 MP: 1/1
   291 | D:1      | Reached XP level 2. HP: 26/26 MP: 2/2
   732 | D:1      | Found a faded altar of an unknown god.
   888 | D:2      | Reached XP level 3. HP: 31/33 MP: 3/3
  1234 | D:2      | Identified the +12 flail of Xisitt Kibo {antimagic, rF+
                  | Will+ Str+5 Dex-5}
  1248 | D:2      | Reached ** piety under Trog
  1891 | D:2      | Gained mutation: You occasionally lose the ability to drink
                  | potions when taking damage. [potion of mutation]
  1891 | D:2      | Gained mutation: You occasionally shout uncontrollably at
                  | your foes. [potion of mutation]
  1891 | D:2      | Gained mutation: Your muscles are strong. (Str +4, Int/Dex
                  | -1) [potion of mutation]
  1899 | D:2      | Upgraded the game from 0.30-a0-964-gd452b5e7fa to
                  | 0.30-a0-1053-gbd8d5ba0ad
  1928 | D:3      | Reached XP level 4. HP: 36/40 MP: 4/4
  2129 | D:3      | Reached skill level 4 in Axes
  2160 | D:3      | Noticed Sigmund
  2167 | D:3      | Killed Sigmund
  2168 | D:3      | Reached XP level 5. HP: 47/47 MP: 5/5
  2309 | D:3      | Reached skill level 1 in Stealth
  2605 | D:3      | Reached XP level 6. HP: 53/53 MP: 6/6
  2725 | D:3      | Reached skill level 5 in Axes
  2860 | D:3      | Upgraded the game from 0.30-a0-1053-gbd8d5ba0ad to
                  | 0.30-a0-1066-g63dfefce0d
  3323 | D:4      | Noticed a water moccasin
  3337 | D:4      | Killed a water moccasin
  3338 | D:4      | Reached skill level 5 in Fighting
  3338 | D:4      | Reached skill level 1 in Shields
  3494 | D:4      | Your scales start taking on a glossy black colour.
  3494 | D:4      | Reached XP level 7. HP: 43/61 MP: 7/7
  3494 | D:4      | Gained mutation: You are resistant to electric shocks.
                  | (rElec) [Black Draconian growth]
  3618 | D:4      | Reached skill level 6 in Axes
  3628 | D:4      | Reached *** piety under Trog
  4072 | D:5      | Entered Level 5 of the Dungeon
  4133 | D:5      | Noticed Ijyb
  4145 | D:5      | Killed Ijyb
  4736 | D:5      | Found a sacrificial altar of Ru.
  4774 | D:5      | Found a staircase to the Ecumenical Temple.
  5336 | D:6      | Reached XP level 8. HP: 50/70 MP: 8/8
  5342 | D:6      | Reached skill level 7 in Axes
  5489 | D:6      | Reached skill level 5 in Dodging
  5916 | D:6      | Reached **** piety under Trog
  5988 | D:6      | Found a bloodstained altar of Trog.
  6089 | D:6      | Found a white marble altar of Elyvilon.
  6393 | D:7      | Slain by an orc warrior

Illustrated notes

Levels and vault maps discovered:
D:1:      dpeg_arrival_prison, layout_loops_ring,
          hellmonk_ecumenical_altar_inner_sanctum
D:2:      layout_rooms, serial_rivers, chequers_serial_rivers_micro_d,
          chequers_serial_rivers_micro_a, chequers_serial_rivers_room_b,
          chequers_serial_rivers_large_b, chequers_serial_rivers_micro_b,
          chequers_serial_rivers_large_a
D:3:      layout_loops_ring, gup_sewer_entry_pipe, st_stairs_12,
          minmay_misc_feat_square, minmay_door_square, uniq_sigmund
D:4:      layout_rooms, nicolae_grassy_gnolls
D:5:      layout_loops_ring, nicolae_ru_the_path_less_chosen, temple_pool_b,
          uniq_ijyb
D:6:      layout_loops_cross, mainiacjoe_overflow_large_starburst,
          minmay_misc_feat_chi
D:7:      layout_cave_pools, hangedman_decor_diamond_cutter

Skill      XL: |  1  2  3  4  5  6  7  8 |
---------------+-------------------------+-----
Dodging        | 3 4 5 |  5.5
Fighting       | 4 5 6 |  6.2
Axes           | 4 5 6 7 |  7.9
Stealth        | 1 |  1.9
Shields        | 1 2 3 |  3.0

Action                     |  1- 3 |  4- 6 |  7- 9 || total
---------------------------+-------+-------+-------++-------
  Melee: Hand axe          |   121 |   145 |   172 ||   438
         Tailslap          |     8 |     9 |    21 ||    38
         Punch             |     1 |     1 |     4 ||     6
         War axe           |       |       |    21 ||    21
 Invoke: Berserk           |     1 |     4 |     4 ||     9
         Brothers in Arms  |       |       |     1 ||     1
Ability: Breathe Lightning |       |       |    22 ||    22
    Use: Scroll            |     7 |     2 |     9 ||    18
         Potion            |     8 |     2 |       ||    10
 Armour: Skin              |    35 |    40 |    61 ||   136
  Dodge: Dodged            |    95 |    84 |   143 ||   322
  Block: Other             |       |    33 |    49 ||    82
         Reflection        |       |     3 |       ||     3

Table legend: (Time is in decaauts)
 A = Elapsed time spent in this place.
 B = Non-inter-level travel time spent in this place.
 C = Inter-level travel time spent in this place.
 D = Time resting spent in this place.
 E = Time spent auto-exploring this place.
 F = Levels seen in this place.
 G = Mean time per level.
                   A        B        C        D        E       F      G
               +--------+--------+--------+--------+--------+-----+--------+
         Total |   6569 |   6514 |     55 |    100 |   4740 |   7 |  938.4 |
       Dungeon |   6569 |   6514 |     55 |    100 |   4740 |   7 |  938.4 |
               +--------+--------+--------+--------+--------+-----+--------+

Top non-repeatable levels by time:
     D:5: 1189 daAuts
     D:3: 1183 daAuts
     D:2: 1108 daAuts
     D:4: 1039 daAuts
     D:6: 1003 daAuts
     D:1: 881 daAuts
     D:7: 162 daAuts
